 Dungeon Crawl Stone Soup version 0.21.0-22-g11d5b52 (webtiles) character file.

30 Chram the Poker (level 3, -7/27 HPs)
             Began as a Merfolk Gladiator on Jan 18, 2018.
             Killed from afar by Sigmund (10 damage)
             ... with a magic dart
             ... on level 2 of the Dungeon.
             The game lasted 00:01:12 (571 turns).

Chram the Poker (Merfolk Gladiator)                  Turns: 571, Time: 00:01:13

Health: -7/27      AC:  4    Str: 14    XL:     3   Next: 20%
Magic:  3/3        EV: 14    Int:  7    God:
Gold:   49         SH:  0    Dex: 16    Spells: 2/2 levels left

rFire    . . .     SeeInvis .   a - +0 trident
rCold    . . .     Gourm    .   (no shield)
rNeg     . . .     Faith    .   b - +0 leather armour
rPois    .         Spirit   .   c - +0 helmet
rElec    .         Reflect  .   (no cloak)
rCorr    .         Harm     .   (no gloves)
MR       .....                  (no boots)
Stlth    +.........             (no amulet)
HPRegen  0.09/turn              (no ring)
MPRegen  0.08/turn              (no ring)

@: no status effects
A: change form in water, swift swim, stealthy swim
a: no special abilities


You were on level 2 of the Dungeon.
You were not hungry.

You visited 1 branch of the dungeon, and saw 2 of its levels.

You collected 49 gold pieces.

Inventory:

Hand Weapons
 a - a +0 trident (weapon)
Armour
 b - a +0 leather armour (worn)
 c - a +0 helmet (worn)
Scrolls
 e - 2 scrolls of remove curse {unknown}
 g - 2 scrolls of noise {unknown}
 i - a scroll of identify {unknown}
Potions
 h - a potion of might {unknown}
 j - a potion of heal wounds {unknown}
Comestibles
 f - 3 rations


   Skills:
 - Level 2.1 Fighting
 + Level 6.2 Polearms
 - Level 2.0 Throwing
 - Level 4.0 Dodging


You had 2 spell levels left.
You didn't know any spells.

Dungeon Overview and Level Annotations

Branches:
Dungeon (2/15)

Altars:
Fedhas
Nemelex Xobeh
Sif Muna
Xom

Annotations:
D:2 Sigmund


Message History

The magic dart hits you!
* * * LOW HITPOINT WARNING * * *
Throwing (i - inventory):
d - 2 throwing nets (quivered)
Press: ? - help, Shift-Dir - straight line, f/p - Sigmund
Aim: Sigmund, wielding a scythe and wearing a robe You throw a throwing net.
Sigmund points at you and mumbles some strange words.
The magic dart hits you!
* * * LOW HITPOINT WARNING * * *
Throwing (i - inventory):
d - a throwing net (quivered)
Press: ? - help, Shift-Dir - straight line, f/p - Sigmund
Aim: Sigmund, wielding a scythe and wearing a robe You throw a throwing net.
The throwing net closely misses Sigmund.
Sigmund hits you but does no damage.
You feel less confused.
Found an escape hatch in the floor.
Sigmund points at you and mumbles some strange words.
The magic dart hits you!
You die...

################ #########
#........(..((.#
#.......###..............##.
.......................?....
#.#...#.###..............##
#.#.#.# #........@.....#
#.#.#.# #..............#
#.#.#.# #..........(......
#.#.#.# #.....@...........
#.#.#.# #.................
#<#.#.# #.................
#.....# #.................
........# ######...........
..#....## #..........
......... #...>.....
.......... #........
............


You could see Sigmund.

Vanquished Creatures
  An adder (D:2)
  A ball python (D:1)
  5 bats
  2 goblins (D:1)
  A hobgoblin (D:1)
  2 kobolds (D:1)
  12 rats (D:1)
24 creatures vanquished.

Notes
Turn   | Place    | Note
-------+----------+-------------------------------------------
     0 | D:1      | Chram the Merfolk Gladiator began the quest for the Orb.
     0 | D:1      | Reached XP level 1. HP: 16/16 MP: 1/1
   184 | D:1      | Reached skill level 5 in Polearms
   193 | D:1      | Reached XP level 2. HP: 21/22 MP: 2/2
   420 | D:1      | Found a shimmering altar of Xom.
   423 | D:1      | Found a deep blue altar of Sif Muna.
   423 | D:1      | Found a sparkling altar of Nemelex Xobeh.
   427 | D:1      | Found an ornate altar of the Wu Jian Council.
   427 | D:1      | Found a shimmering altar of Xom.
   427 | D:1      | Found a blossoming altar of Fedhas.
   550 | D:2      | Reached skill level 6 in Polearms
   550 | D:2      | Reached XP level 3. HP: 20/27 MP: 3/3
   560 | D:2      | Noticed Sigmund
   571 | D:2      | Killed from afar by Sigmund

Skill      XL: |  1  2 |
---------------+-------+-----
Polearms       | 5 6 |  6.2
Fighting       | |  2.1
Throwing       | |  2.0
Dodging        | |  4.0

Action                   || total
-------------------------++-------
Melee: Trident           ||    78
Throw: Throwing net      ||     3
Armor: Leather armour    ||    13
Dodge: Dodged            ||    61
